[Event "Late-Titled-Tuesday-Blitz-March-12-2024"]
[Site "Chess.com"]
[Date "2024.03.12"]
[Round "6"]
[White "ExtremeLearner"]
[Black "AlexPapasimakopoulos"]
[Result "1-0"]
[WhiteElo "2578"]
[BlackElo "2684"]
[TimeControl "180+1"]
[EndTime "15:05:13 PDT"]
[Termination "ExtremeLearner won by checkmate"]

1. d4 d5 2. c4 e6 3. Nf3 a6 4. cxd5 exd5 5. Nc3 c6 6. Bf4 Bd6 7. Bxd6 Qxd6 8. e3 Bf5 9. Bd3 Ne7 10. O-O O-O 11. Bxf5 Nxf5 12. Qb1 Qf6 13. Ne5 Nd6 14. a4 a5 15. b4 axb4 16. Qxb4 Qe6 17. Ne2 Nd7 18. Nf4 Qe7 19. Ned3 Ra7 20. a5 Rfa8 21. Rfb1 Kf8 22. Nc5 Nxc5 23. Qxc5 Nb5 24. Qxe7+ Kxe7 25. Nxd5+ Kd6 26. Nb6 Re8 27. Rc1 f5 28. Rc5 g6 29.
g3 Kc7 30. Nd5+ Kd6 31. Nb6 Kc7 32. Kg2 Nd6 33. d5 Ne4 34. Rc2 c5 35. f3 Nf6 36.
Rxc5+ Kd6 37. Rac1 Ra6 38. Nc8+ Kd7 39. Rc7+ Kd8 40.
Nb6 Rxa5 41. Rxb7 Ra8 42. Nxa8 Nxd5 43. Nb6 Nxb6 44. Rxb6 Rxe3 45. Rb7 Re2+ 46. Kg1 Ke8 47. Rc8# 1-0

[Event "Late-Titled-Tuesday-Blitz-March-12-2024"]
[Site "Chess.com"]
[Date "2024.03.12"]
[Round "6"]
[White "Hrant_ChessMood"]
[Black "Smoking_Crow"]
[Result "1-0"]
[WhiteElo "2965"]
[BlackElo "2629"]
[TimeControl "180+1"]
[EndTime "15:05:14 PDT"]
[Termination "Hrant_ChessMood won by resignation"]

1. e4 e5 2. Nf3 Nc6 3. Bb5 Nf6 4.
O-O Nxe4 5. d4 Nd6 6. Bxc6 dxc6 7. dxe5 Nf5 8. Qxd8+ Kxd8 9. h3 Bd7 10. Nc3 b6 11. b3 Be7 12. Bb2 Kc8 13. Rad1 c5 14. Nd5 Bd8 15.
g4 Nh4 16. Nxh4 Bxh4 17. f4 Bd8 18. f5 Bc6 19. Nf4 Bg5 20. e6 f6 21. Kh2 Kb7 22.
Kg3 Bxf4+ 23. Kxf4 h6 24. h4 a5 25. a4 c4 26. Rd4 cxb3 27. cxb3 b5 28. axb5 Bxb5 29. Rc1 a4 30. bxa4 Rxa4 31. Rxa4 Bxa4 32. g5 hxg5+ 33. hxg5 Rh4+ 34. Kg3 fxg5 35. Bxg7 Rf4 36. f6 Bb3 37. f7 Bxe6 38. f8=Q Rxf8 39. Bxf8 Kb6 40. Be7 c6 41. Bxg5 c5 42. Kf4 c4 43. Ke5 Bg8 44. Be3+ Kb5 45. Rb1+ Ka4 46. Kd4 Ka3 47. Kc3 1-0

[Event "Late-Titled-Tuesday-Blitz-March-12-2024"]
[Site "Chess.com"]
[Date "2024.03.12"]
[Round "6"]
[White "szachmistrz2500"]
[Black "Zavgorodniy_Sergiy"]
[Result "0-1"]
[WhiteElo "2470"]
[BlackElo "2613"]
[TimeControl "180+1"]
[EndTime "15:05:14 PDT"]
[Termination "Zavgorodniy_Sergiy won by resignation"]

1. d4 d5 2. c4 dxc4 3. Nf3 Nf6 4. e3 e6 5. Bxc4 a6 6. a4 c5 7. O-O Nc6 8. Qe2 cxd4 9. Rd1 Be7 10. exd4 O-O 11. Ne5 Nb4 12. Ra3 Nbd5 13. Rg3 g6 14. Bh6 Re8 15. Nc3 Bd7 16. Qf3 Bc6 17. Nxc6 bxc6 18.
Ne4 Nxe4 19. Qxe4 Bf6 20. h4 Bxh4 21. Rh3 Bf6 22. g3 a5 23. Kg2 Rb8 24. Rdh1 Rxb2 25. Bc1 Rb4 26. Qc2 h5 27. Bd3 Kg7 28. Qxc6 Rxd4 29.
Bb5 Rh8 30. Bb2 Rd2 31. Bc1 Rd4 32. Re1 Qe7 33. Rhh1 Nb4 34. Qb6 Qd8 35. Qa7 Qd5+ 36. Kg1 Nd3 37. Bxd3 Rxd3 38. Be3 Bd4 39. Bxd4+ Qxd4 40.
Qxd4+ Rxd4 41. Rh4 Rxh4 42. gxh4 Rb8 43. Re5 Rb4 44.
Rxa5 Rxh4 45. Kg2 Rg4+ 46. Kf3 Rg1 47. Ra8 h4 48. a5 h3 0-1

[Event "Late-Titled-Tuesday-Blitz-March-12-2024"]
[Site "Chess.com"]
[Date "2024.03.12"]
[Round "6"]
[White "FMYiLiu"]
[Black "PoXerStar"]
[Result "0-1"]
[WhiteElo "2500"]
[BlackElo "2383"]
[TimeControl "180+1"]
[EndTime "15:05:14 PDT"]
[Termination "PoXerStar won on time"]

1. d4 Nf6 2. Nf3 g6 3. Nc3 d5 4. Bf4 c6 5. h4 h5 6. e3 Bg7 7. Qd2 b5 8. Ne5 O-O 9. f3 Nfd7 10. O-O-O Nxe5 11. dxe5 Nd7 12. e4 b4 13. Na4 Nxe5 14.
exd5 cxd5 15. Qxd5 Qc7 16. Bxe5 Bxe5 17. Qxa8 Bf5 18.
Qxf8+ Kxf8 19. Bd3 Bd7 20. b3 Bxa4 21. bxa4 Qc3 22.
a5 Bf4+ 23. Kb1 Qa3 24. Rhe1 Bh6 25. Re2 Bg7 26. c3 bxc3 27. a6 Qb4+ 0-1

[Event "Late-Titled-Tuesday-Blitz-March-12-2024"]
[Site "Chess.com"]
[Date "2024.03.12"]
[Round "6"]
[White "CarlosAlbornoz"]
[Black "ChristopherYoo"]
[Result "0-1"]
[WhiteElo "2815"]
[BlackElo "3011"]
[TimeControl "180+1"]
[EndTime "15:05:16 PDT"]
[Termination "ChristopherYoo won by checkmate"]

1. e4 Nc6 2. Nf3 d6 3. d4 Nf6 4. Nc3 Bg4 5. d5 Ne5 6. Be2 Bxf3 7. Bxf3 Nxf3+ 8. Qxf3 g6 9. O-O Bg7 10. Be3 O-O 11. Bd4 c5 12. dxc6 bxc6 13. e5 Nd7 14.
Qxc6 Nxe5 15. Qe4 Rb8 16. f4 Rb4 17. Ne2 d5 18. Qe3 Ng4 19. Qc3 Bxd4+ 20. Nxd4 Qb6 21. Rad1 Rxb2 22. Kh1 Rxa2 23. f5 Rb8 24. Qg3 Nf6 25. fxg6 hxg6 26. Nf5 Rb7 27. Qg5 Rxc2 28. Rd3 Rf2 29.
Nh6+ Kg7 30. Rg1 Ne4 31. Qh4 g5 32. Qg4 Qxh6 33. Rxd5 Rf4 34. Qh3 Nf2# 0-1

[Event "Late-Titled-Tuesday-Blitz-March-12-2024"]
[Site "Chess.com"]
[Date "2024.03.12"]
[Round "6"]
[White "santosalberto1987"]
[Black "TheAlienParty"]
[Result "0-1"]
[WhiteElo "2538"]
[BlackElo "2403"]
[TimeControl "180+1"]
[EndTime "15:05:20 PDT"]
[Termination "TheAlienParty won by resignation"]

1. e4 e5 2. Nf3 Nc6 3. Bc4 Bc5 4. O-O Nf6 5. d4 Bxd4 6. Nxd4 Nxd4 7. Bg5 h6 8. Bh4 Qe7 9. f4 Qc5 10. Bf2 Qxc4 11.
fxe5 Ne2+ 12. Kh1 Nxe4 13. Be3 N2g3+ 14. hxg3 Nxg3+ 15. Kg1 Nxf1 16. Qxf1 Qxc2 17. Nc3 c6 18. Re1 b6 19. Qf3 Bb7 20. Ne4 O-O-O 21. Nd6+ Kb8 22.
Nxf7 Rhf8 23. Qg3 Ka8 24. Nxd8 Rxd8 25. Qxg7 Qxb2 26. Bxh6 c5 27. Bf4 Bd5 28. Qg3 Rg8 29. Bg5 Bxg2 30. Qxg2+ Qxg2+ 31. Kxg2 Rxg5+ 32. Kf3 Kb7 33. Ke4 Rg2 34. Rd1 Kc7 35. a4 Rg4+ 36. Kf5 Rxa4 37. Kf6 Rh4 38. Kf5 a5 39. Kg5 Rh7 40.
Kg6 Re7 41. Kf6 Re6+ 42. Kf5 Kc6 43. Kf4 a4 44. Ke4 d6 0-1

[Event "Late-Titled-Tuesday-Blitz-March-12-2024"]
[Site "Chess.com"]
[Date "2024.03.12"]
[Round "6"]
[White "OverallStranger"]
[Black "expii"]
[Result "1-0"]
[WhiteElo "2387"]
[BlackElo "2194"]
[TimeControl "180+1"]
[EndTime "15:05:20 PDT"]
[Termination "OverallStranger won by resignation"]

1. e4 c5 2. Nc3 d6 3. f4 Nc6 4.
Nf3 g6 5. Bc4 Bg7 6. O-O e6 7.
d4 cxd4 8. Nb5 a6 9. Nbxd4 Nge7 10. Be3 O-O 11. Kh1 b5 12. Bb3 Bb7 13. c3 Rc8 14. Bc2 Qc7 15. a3 Rfd8 16. f5 exf5 17. exf5 Ne5 18. Nxe5 dxe5 19. f6 exd4 20. fxe7 Qxe7 21.
Bxd4 Qg5 22. Qe2 Bxd4 23. cxd4 Rxd4 24. Rad1 Rxd1 25. Bxd1 Kg7 26. Bb3 Bd5 27. Bxd5 Qxd5 28. Qf2 Rf8 29. Qb6 Qe5 30. b4 Re8 31. h3 Re6 32. Qb7 Rf6 33. Rxf6 Qxf6 34. Qc8 Qa1+ 35. Kh2 Qxa3 36. Qc5 Qa1 37. Qd6 Qc3 38. Qe7 Qf6 39.
Qc5 Qb2 40. Qd6 Qc3 41. Qe7 Qf6 42. Qc5 Qf4+ 43. Kh1 h5 44. Kg1 h4 45. Kh1 Kh7 46.
Qd5 Qxb4 47. Qxf7+ Kh6 48. Qf8+ Kg5 49. Qxb4 1-0

[Event "Late-Titled-Tuesday-Blitz-March-12-2024"]
[Site "Chess.com"]
[Date "2024.03.12"]
[Round "6"]
[White "Mbneu"]
[Black "Practical-Play"]
[Result "0-1"]
[WhiteElo "2253"]
[BlackElo "2461"]
[TimeControl "180+1"]
[EndTime "15:05:21 PDT"]
[Termination "Practical-Play won on time"]

1. d4 e6 2. c4 Bb4+ 3. Bd2 a5 4. g3 Nc6 5. Nf3 d6 6. Bg2 Qe7 7. O-O Bxd2 8. Nbxd2 e5 9. d5 Nb8 10. Rc1 b6 11. a3 a4 12. Nb1 Nd7 13. Nc3 Nc5 14.
Nd2 f5 15. e4 Nf6 16. f4 exf4 17. exf5 Qe3+ 18. Kh1 Nd3 19. Nb5 Kd8 20. Rc3 Bxf5 21.
Nf3 Ng4 22. Rxd3 Bxd3 23. gxf4 Rf8 24. h3 Bxf1 25. Qxf1 Nf2+ 26. Kh2 Rxf4 27. Kg3 Ne4+ 28. Kh2 Nd2 29. Qe1 Nxf3+ 0-1

[Event "Late-Titled-Tuesday-Blitz-March-12-2024"]
[Site "Chess.com"]
[Date "2024.03.12"]
[Round "6"]
[White "Sinquefield"]
[Black "lluiss"]
[Result "1-0"]
[WhiteElo "2513"]
[BlackElo "2241"]
[TimeControl "180+1"]
[EndTime "15:05:23 PDT"]
[Termination "Sinquefield won by resignation"]

1. d4 Nf6 2. Nf3 g6 3. Bg5 Bg7 4. Nbd2 d5 5. e3 O-O 6. Be2 c5 7. O-O cxd4 8. exd4 Nc6 9. c3 Bg4 10. Re1 h6 11. Bh4 Bxf3 12. Bxf3 e6 13. h3 Re8 14.
Qb3 Qd7 15. a4 Na5 16. Qb5 Nc6 17. Nb3 b6 18. a5 Nxd4 19. Nxd4 Qxb5 20. Nxb5 Rec8 21.
Bg3 Ne8 22. a6 Rc5 23. Be2 Nf6 24. Bd6 Rc6 25. Be5 Ne4 26. Bxg7 Kxg7 27. Bf3 Nd2 28. Red1 Nxf3+ 29. gxf3 Rc5 30. Nd4 Rac8 31. Kf1 e5 32.
Ne2 Kf6 33. Rd2 Ke6 34. f4 f6 35. fxe5 fxe5 36. Ra4 Rf8 37. Kg2 Rc7 38. f4 Rcf7 39. c4 dxc4 40. Rxc4 exf4 41. Kf3 g5 42. Rc6+ Ke7 43.
Rxh6 Rf5 44. Nd4 Ra5 45. Nc6+ 1-0

[Event "Late-Titled-Tuesday-Blitz-March-12-2024"]
[Site "Chess.com"]
[Date "2024.03.12"]
[Round "6"]
[White "Fandorine"]
[Black "Mikhail_Bryakin"]
[Result "1-0"]
[WhiteElo "2960"]
[BlackElo "2746"]
[TimeControl "180+1"]
[EndTime "15:05:24 PDT"]
[Termination "Fandorine won on time"]

1. d4 f5 2. Bg5 Nf6 3. Nc3 d5 4.
f3 Qd6 5. Qd2 e6 6. O-O-O Be7 7.
e4 fxe4 8. fxe4 dxe4 9. Bxf6 gxf6 10. Nxe4 Qd5 11. Nc3 Qa5 12. Bc4 Bd7 13. Nf3 Nc6 14. Rhe1 O-O-O 15. Bxe6 Bb4 16. Kb1 Bxe6 17. Rxe6 Qf5 18.
Re2 Rd7 19. a3 Bxc3 20. Qxc3 Rhd8 21. Red2 Qd5 22. Qe3 Na5 23. b3 Qb5 24. Qc3 Nc6 25. a4 Qd5 26. Kb2 a5 27. Qe3 Nb4 28. c3 Nc6 29.
Qf4 Qf7 30. Re1 Rd6 31. Rde2 Kb8 32. Qf5 Rd5 33. Qc2 R5d7 34. g3 b6 35. Nh4 Qh5 36.
Rf2 1-0

[Event "Late-Titled-Tuesday-Blitz-March-12-2024"]
[Site "Chess.com"]
[Date "2024.03.12"]
[Round "6"]
[White "LikeWater"]
[Black "Herman-NY"]
[Result "1-0"]
[WhiteElo "2689"]
[BlackElo "2544"]
[TimeControl "180+1"]
[EndTime "15:05:26 PDT"]
[Termination "LikeWater won on time"]

1. e4 e5 2. Nf3 Nc6 3. Bc4 Nf6 4. d3 Be7 5. a4 a5 6. O-O O-O 7. Nc3 d6 8. h3 Be6 9. Bg5 Bxc4 10. dxc4 Nd7 11. Be3 Re8 12. Nh2 Bg5 13. Ng4 Bxe3 14. fxe3 Nb4 15. Rf2 Nb8 16. Qf3 Qe7 17. Raf1 Rf8 18.
Qg3 Kh8 19. Nb5 N8a6 20. Rf5 Nc5 21. Qf3 f6 22. c3 Nba6 23. Rh5 Ne6 24. Qf5 h6 25. Nxh6 gxh6 26. Rxh6+ Kg8 27. Rf3 Ng7 28. Rg3 1-0

[Event "Late-Titled-Tuesday-Blitz-March-12-2024"]
[Site "Chess.com"]
[Date "2024.03.12"]
[Round "6"]
[White "Rogarcia1"]
[Black "buenamor1972"]
[Result "0-1"]
[WhiteElo "2494"]
[BlackElo "2380"]
[TimeControl "180+1"]
[EndTime "15:05:26 PDT"]
[Termination "buenamor1972 won by resignation"]

1. e4 e5 2. Nf3 Nc6 3. Bb5 a6 4. Ba4 Nf6 5. Nc3 b5 6. Bb3 Bc5 7. Nd5 h6 8. d3 d6 9. c3 Rb8 10.
h3 Nxd5 11. Bxd5 Ne7 12. Bb3 O-O 13. d4 exd4 14. cxd4 Bb6 15. O-O d5 16. e5 Bf5 17.
Be3 Ng6 18. Rc1 Qd7 19. Bc2 f6 20. exf6 Rxf6 21. Bxf5 Rxf5 22. Nh4 Nxh4 23. Qg4 g5 24. f4 Rbf8 25. Rfe1 R5f7 26. Qh5 Nf5 27. Bf2 gxf4 28. Re5 Ng7 29. Qxh6 Rf6 30. Qh4 Rg6 31. Rce1 f3 32. g4 Qd8 33. Qg3 Qf6 34. Be3 f2+ 35. Bxf2 Qxf2+ 36.
Qxf2 Rxf2 37. Kxf2 Bxd4+ 38. Kf3 Bxe5 39. Rxe5 c6 40.
Kf4 Re6 41. Rg5 Kf7 42. h4 Re2 43. Kg3 Rxb2 44. h5 Ne6 45. Rf5+ Kg7 46. Re5 Nd4 47. g5 Re2 0-1

[Event "Late-Titled-Tuesday-Blitz-March-12-2024"]
[Site "Chess.com"]
[Date "2024.03.12"]
[Round "6"]
[White "trriinu"]
[Black "katharinareinecke"]
[Result "1-0"]
[WhiteElo "2263"]
[BlackElo "1968"]
[TimeControl "180+1"]
[EndTime "15:05:26 PDT"]
[Termination "trriinu won by checkmate"]

1. e4 c6 2. Nc3 d5 3. Nf3 Bg4 4. h3 Bxf3 5. Qxf3 e6 6. d3 Nf6 7.
Be2 d4 8. Nd1 e5 9. O-O Be7 10.
Qg3 Nbd7 11. f4 Bd6 12. Qxg7 Rg8 13. Qh6 Qe7 14. fxe5 Bxe5 15. Bg5 O-O-O 16. Nf2 Rg6 17. Bxf6 Nxf6 18. Qh4 Bg3 19. Bg4+ Nxg4 20. Qxg3 Ne3 21. Qf4 Nxf1 22. Rxf1 Rdg8 23. g4 h5 24. Qf5+ Kb8 25. Qxh5 Qb4 26. b3 Qd2 27. Qe5+ Ka8 28. Qxd4 Qxc2 29.
a4 Qxb3 30. a5 Qa3 31. Ra1 Qb3 32. a6 b6 33. Qd7 Qb5 34. Qb7# 1-0

[Event "Late-Titled-Tuesday-Blitz-March-12-2024"]
[Site "Chess.com"]
[Date "2024.03.12"]
[Round "6"]
[White "platy3"]
[Black "Polish_fighter3000"]
[Result "0-1"]
[WhiteElo "2970"]
[BlackElo "3149"]
[TimeControl "180+1"]
[EndTime "15:05:27 PDT"]
[Termination "Polish_fighter3000 won by resignation"]

1. e4 e5 2. Nf3 Nc6 3. Bc4 Bc5 4. d3 Nf6 5. O-O O-O 6. a4 a5 7. h3 d6 8. Be3 Bxe3 9. fxe3 Be6 10. Bxe6 fxe6 11. Nbd2 h6 12. c3 Qd7 13. Qb3 Kh7 14. Rf2 b6 15. Raf1 Ne7 16. g4 Kh8 17. Nh4 Nh7 18. Ndf3 g5 19. Ng2 Ng6 20. Nge1 Rf7 21. Nd2 Raf8 22. Rxf7 Rxf7 23. Rxf7 Qxf7 24. Nef3 Nf6 25.
Qc4 Qd7 26. d4 Kg7 27. Kf1 d5 28. Qb3 dxe4 29. dxe5 Qd3+ 30. Kf2 Nd5 31. c4 Qxb3 32. Nxb3 exf3 33. cxd5 exd5 34. e6 c5 35. Kxf3 Ne5+ 36. Ke2 Nc4 37. e4 dxe4 38. Nc1 Nxb2 39. Ke3 Kf6 40. Kxe4 Kxe6 41. Ne2 Nxa4 42. Ng3 Nc3+ 0-1

[Event "Late-Titled-Tuesday-Blitz-March-12-2024"]
[Site "Chess.com"]
[Date "2024.03.12"]
[Round "6"]
[White "steepedgames"]
[Black "GothamChess"]
[Result "0-1"]
[WhiteElo "2551"]
[BlackElo "2695"]
[TimeControl "180+1"]
[EndTime "15:05:27 PDT"]
[Termination "GothamChess won by resignation"]

1. d4 g6 2. Nf3 Bg7 3. c4 d6 4.
Nc3 Bg4 5. e3 Nc6 6. Be2 Nf6 7. d5 Nb8 8. h3 Bc8 9. Nd4 O-O 10. e4 c5 11. Nc2 a6 12. O-O b5 13.
cxb5 axb5 14. Bxb5 Ba6 15. a4 Nbd7 16. Bg5 h6 17.
Be3 Ne5 18. Qe2 c4 19. Na3 Qc7 20. Bd4 Nd3 21. Rad1 Nd7 22. Bxg7 Kxg7 23. Nxc4 Bxb5 24. axb5 Nf4 25. Qe3 Nxg2 26. Qd4+ Ne5 27. f4 Nxf4 28. Nxd6 Qxc3 29. Rxf4 Qg3+ 30. Kh1 Qxf4 31. Nc4 Qf3+ 32. Kg1 Qg3+ 33. Kh1 Qxh3+ 34. Kg1 Qg3+ 35. Kh1 f6 36. Nxe5 fxe5 37. Qd2 Rf2 0-1

[Event "Late-Titled-Tuesday-Blitz-March-12-2024"]
[Site "Chess.com"]
[Date "2024.03.12"]
[Round "6"]
[White "Malev212"]
[Black "YEIKO2017"]
[Result "0-1"]
[WhiteElo "2606"]
[BlackElo "2453"]
[TimeControl "180+1"]
[EndTime "15:05:27 PDT"]
[Termination "YEIKO2017 won on time"]

1. e4 c5 2. Nf3 Nf6 3. Nc3 d6 4. d4 cxd4 5. Nxd4 g6 6. Be3 Bg7 7. f3 O-O 8. Qd2 Nc6 9. O-O-O d5 10. Nxc6 bxc6 11. Bh6 Bxh6 12. Qxh6 Rb8 13. h4 Qb6 14. b3 Qa5 15. Kb2 dxe4 16. Qg5 Qc7 17. h5 exf3 18.
hxg6 fxg6 19. Bc4+ e6 20. gxf3 Nd5 21. Ne4 Rb7 22.
Bxd5 Qg7+ 23. Kb1 exd5 24. Nd6 Re7 25. Rde1 Rxe1+ 26. Rxe1 Bf5 27. Ne8 Qc3 28. Re2 Qd4 29. Rd2 Qe5 0-1

[Event "Late-Titled-Tuesday-Blitz-March-12-2024"]
[Site "Chess.com"]
[Date "2024.03.12"]
[Round "6"]
[White "Skatchkov_V"]
[Black "Rawnsdale"]
[Result "1-0"]
[WhiteElo "2680"]
[BlackElo "2523"]
[TimeControl "180+1"]
[EndTime "15:05:28 PDT"]
[Termination "Skatchkov_V won on time"]

1. d4 d5 2. c4 e6 3. Nf3 Be7 4.
g3 Nf6 5. Bg2 O-O 6. Nc3 dxc4 7.
Ne5 Qd6 8. O-O Rd8 9. Nb5 Qb6 10. a4 Nd5 11. Nxc4 Qc6 12. Ne5 Qb6 13. e4 Nb4 14. Be3 c5 15. dxc5 Rxd1 16. cxb6 Rxf1+ 17. Bxf1 axb6 18. Nc7 Ra5 19. Bb5 Bc5 20. Nc4 Bxe3 21. fxe3 Ra7 22. Nxb6 Bd7 23. Rd1 h5 24. Nxd7 Nxd7 25.
Rxd7 Nc2 26. Kf2 Na1 27. Rd8+ Kh7 28. Ra8 Rxa8 29. Nxa8 Nb3 30. Nb6 Nc5 31. Kf3 g6 32.
Nc4 Kg7 33. Nd6 Kf6 34. b4 Nb3 35. Nxb7 Nd2+ 36. Ke2 Nxe4 37. Nc5 Nc3+ 38. Kd3 Nd5 39. a5 Nxb4+ 40. Kc4 Nd5 41. e4 Nc7 42. Nd3 Ke7 43.
Kc5 f6 44. Kb6 Ne8 45. Bxe8 Kxe8 46. a6 1-0

[Event "Late-Titled-Tuesday-Blitz-March-12-2024"]
[Site "Chess.com"]
[Date "2024.03.12"]
[Round "6"]
[White "TokChess"]
[Black "kids2010"]
[Result "1-0"]
[WhiteElo "2612"]
[BlackElo "2759"]
[TimeControl "180+1"]
[EndTime "15:05:32 PDT"]
[Termination "TokChess won by resignation"]

1. c4 e6 2. Nf3 d5 3. g3 Nf6 4. Bg2 Be7 5. O-O dxc4 6. Qa4+ Bd7 7. Qxc4 Bc6 8. d3 O-O 9. Nc3 Nbd7 10. a4 a5 11. Nb5 Nb6 12. Qb3 Bb4 13. Bg5 h6 14.
Bxf6 Qxf6 15. Nxc7 Rac8 16. Nb5 Bd5 17. Qd1 Qxb2 18. Nfd4 Bxg2 19. Kxg2 e5 20. Nf5 Rc2 21. Rb1 Qa2 22. Ra1 Qd5+ 23. e4 Qc6 24. Rb1 Qc5 25. Qg4 g6 26. Nxh6+ Kh7 27. Qh3 Kg7 28. Qh4 Qe7 29.
Qxe7 Bxe7 30. Ng4 f5 31. exf5 Rxf5 32. Ne3 Rc6 33. Nxf5+ gxf5 34. Rfc1 Rxc1 35. Rxc1 Nxa4 36. Rc7 Kf6 37. Rxb7 Nc5 38. Ra7 a4 39. Nc3 Nxd3 40. Nd5+ Ke6 41. Nxe7 a3 42. Rxa3 Ne1+ 43. Kf1 Nc2 44.
Ra7 Nd4 45. Ng6 1-0

[Event "Late-Titled-Tuesday-Blitz-March-12-2024"]
[Site "Chess.com"]
[Date "2024.03.12"]
[Round "6"]
[White "SergioMoralesG"]
[Black "pirulillo"]
[Result "0-1"]
[WhiteElo "2469"]
[BlackElo "2316"]
[TimeControl "180+1"]
[EndTime "15:05:32 PDT"]
[Termination "pirulillo won by resignation"]

1. d4 Nf6 2. c4 g6 3. Nc3 Bg7 4.
e4 d6 5. Nf3 O-O 6. Be2 e5 7.
Be3 Ng4 8. Bg5 f6 9. Bh4 g5 10. Bg3 Nd7 11. O-O Nh6 12. b4 a5 13.
bxa5 Rxa5 14. d5 f5 15. exf5 Nxf5 16. Ne4 h6 17. Nfd2 b6 18. Nb3 Ra8 19. a4 Nc5 20.
Nbxc5 bxc5 21. f3 Nd4 22. Be1 Bf5 23. Bc3 h5 24. Ng3 Bg6 25. Bd3 Qf6 26. Bxg6 Qxg6 27. a5 g4 28. Bxd4 exd4 29. a6 Bh6 30. fxg4 Be3+ 31. Kh1 hxg4 32. Rxf8+ Kxf8 33. Qf1+ Ke7 34. a7 Kd7 35. Qd1 Qh7 36. Qa4+ Ke7 37. Qd1 Rh8 38. Nf1 g3 39. h3 Qe4 40. Qf3 Rxh3+ 0-1

[Event "Late-Titled-Tuesday-Blitz-March-12-2024"]
[Site "Chess.com"]
[Date "2024.03.12"]
[Round "6"]
[White "Eloist"]
[Black "YoreDea"]
[Result "1-0"]
[WhiteElo "2468"]
[BlackElo "2586"]
[TimeControl "180+1"]
[EndTime "15:05:33 PDT"]
[Termination "Eloist won by checkmate"]

1. e4 e6 2. d4 d5 3. Nd2 c5 4.
exd5 Qxd5 5. Ngf3 Nf6 6. Bc4 Qc6 7. O-O Be7 8. dxc5 Qxc5 9. b3 O-O 10. Bb2 Rd8 11. Qe2 Nc6 12. Ne4 Nxe4 13. Qxe4 f5 14.
Qe2 Bf6 15. Bxe6+ Kh8 16. Bxf6 Re8 17. Ng5 Bxe6 18. Qh5 Bg8 19. Qh6 Qf8 20. Bb2 Ne5 21. Rfe1 gxh6 22. Rxe5 Qg7 23. Nf3 Red8 24. Rb1 Bd5 25. Re3 Qxb2 26. Rxb2 Bxf3 27. gxf3 Rd1+ 28. Kg2 Rg8+ 29. Kh3 f4 30. Re2 Rd5 31. Kh4 Rdg5 32. c4 Rg2 33. h3 R2g5 34. Re4 Rf5 35. Rbe2 Rg2 36. Re8+ Kg7 37. R8e7+ Kf6 38. R2e6# 1-0

[Event "Late-Titled-Tuesday-Blitz-March-12-2024"]
[Site "Chess.com"]
[Date "2024.03.12"]
[Round "6"]
[White "Stanbad1"]
[Black "Bkmzzzzz"]
[Result "0-1"]
[WhiteElo "2513"]
[BlackElo "2393"]
[TimeControl "180+1"]
[EndTime "15:05:33 PDT"]
[Termination "Bkmzzzzz won by resignation"]

1. d4 d5 2. Nc3 e6 3. Bf4 Bd6 4. Bxd6 Qxd6 5. e3 Nf6 6. Nf3 O-O 7. Bd3 c5 8. dxc5 Qxc5 9. O-O Nc6 10. Re1 a6 11. h3 b5 12. e4 dxe4 13. Nxe4 Nxe4 14. Bxe4 Bb7 15. c3 Rad8 16. Qe2 h6 17. Red1 Qb6 18. Bc2 Ne7 19. Ne5 Qc7 20. a4 Rxd1+ 21.
Rxd1 bxa4 22. Rd7 Qb6 23. Rxe7 Bd5 24. Bxa4 Qa5 25. Bc2 Qa1+ 26. Kh2 Qc1 27. Nd3 Qg5 28. Qg4 Qxe7 29. Nf4 Qd6 30. g3 Qe5 31. Qd1 Bb7 32. h4 Qc5 33. Kg1 Qb5 34. b3 Rc8 35.
c4 Qc6 36. Kh2 g6 37. Qf1 h5 38. Bd3 Rd8 39. Qb1 Rxd3 40. Nd5 Rxd5 41. cxd5 Qxd5 42. Qg1 Qxb3 43. g4 Qf3 44. gxh5 Qxh5 45. Kh3 Qf3+ 46. Kh2 Qg2+ 47. Qxg2 Bxg2 48. Kxg2 a5 0-1

[Event "Late-Titled-Tuesday-Blitz-March-12-2024"]
[Site "Chess.com"]
[Date "2024.03.12"]
[Round "6"]
[White "RichardShtivelband"]
[Black "matagordo"]
[Result "1-0"]
[WhiteElo "2492"]
[BlackElo "2303"]
[TimeControl "180+1"]
[EndTime "15:05:33 PDT"]
[Termination "RichardShtivelband won by resignation"]

1. d4 Nf6 2. c4 d6 3. Nf3 g6 4. Nc3 Bf5 5. g3 Ne4 6. Qb3 Nxc3 7. Qxc3 Bg7 8. Bg2 Be4 9. O-O O-O 10. Qb3 Nd7 11.
Rd1 Rb8 12. Be3 b6 13. a4 c5 14. Qa3 Qc7 15. Rac1 Rfc8 16. b4 a6 17. dxc5 bxc5 18. b5 axb5 19. axb5 Ra8 20. Qb3 Ra5 21. Bd2 Ra7 22.
Bc3 f6 23. Ra1 Rca8 24. h4 Nb6 25. Nd2 Bxg2 26. Kxg2 Na4 27. Ne4 Qb7 28. f3 Nxc3 29.
Rxa7 Rxa7 30. Nxc3 Qa8 31. Nd5 Kf8 32. h5 Ra2 33. Qe3 Ra7 34. h6 Bh8 35. Qe6 Qe8 36. b6 Rb7 37. Ra1 Rb8 38. Ra7 Qf7 39. Qxf7+ Kxf7 40.
Rxe7+ Kf8 41. Rxh7 Kg8 42. Rc7 f5 43. b7 Be5 44. Rc8+ 1-0

[Event "Late-Titled-Tuesday-Blitz-March-12-2024"]
[Site "Chess.com"]
[Date "2024.03.12"]
[Round "6"]
[White "mestrefeitosa19"]
[Black "maurovargas01"]
[Result "1-0"]
[WhiteElo "2313"]
[BlackElo "1838"]
[TimeControl "180+1"]
[EndTime "15:05:33 PDT"]
[Termination "mestrefeitosa19 won on time"]

1. c4 e5 2. Nc3 Nc6 3. Nf3 f5 4. e4 Nf6 5. exf5 Bc5 6. Bd3 O-O 7. O-O a6 8. Bc2 d6 9. a3 Nd4 10. Nxd4 Bxd4 11. Ne2 Ba7 12. d4 e4 13. Ng3 Qe8 14. Re1 d5 15. cxd5 Nxd5 16. Bxe4 Qf7 17. Qf3 c6 18. Bg5 Bxd4 19. Rab1 Bf6 20. Bxd5 cxd5 21. Bxf6 gxf6 22. Rbd1 Bd7 23. Qxd5 Bc6 24. Qc5 Rfe8 25.
Qd6 Rad8 26. Qxd8 Rxd8 27. Rxd8+ Kg7 28. Re6 h6 29. Rdd6 h5 30. h4 a5 31. Rxf6 Qxf6 32.
Nxh5+ 1-0

[Event "Late-Titled-Tuesday-Blitz-March-12-2024"]
[Site "Chess.com"]
[Date "2024.03.12"]
[Round "6"]
[White "DavidGavrilescu18"]
[Black "Durarbayli"]
[Result "1-0"]
[WhiteElo "2769"]
[BlackElo "2979"]
[TimeControl "180+1"]
[EndTime "15:05:35 PDT"]
[Termination "DavidGavrilescu18 won on time"]

1. e4 e6 2. d4 d5 3. e5 c5 4.
c3 Nc6 5. Nf3 Bd7 6. Be2 Nge7 7.
O-O Ng6 8. g3 f6 9. exf6 Qxf6 10.
Bg5 Qf7 11. Be3 cxd4 12. cxd4 Bd6 13. Nc3 O-O 14. Rc1 Nce7 15. Ng5 Qf6 16. Nge4 dxe4 17. Nxe4 Qf5 18. Nxd6 Qd5 19. Nc4 Bc6 20. f3 Nf5 21. Bf2 Rad8 22. Ne3 Qxd4 23. Nxf5 Qxd1 24. Rfxd1 Rxd1+ 25. Rxd1 Rxf5 26. f4 Nf8 27. Bc4 a6 28. Be3 h5 29. h3 b5 30. Rd6 Bb7 31. Bb3 Rf7 32. g4 hxg4 33. hxg4 g6 34. Rd8 Kh7 35. Bc5 Nd7 36.
Bxe6 Nxc5 37. Bxf7 Kg7 38. Bd5 1-0

[Event "Late-Titled-Tuesday-Blitz-March-12-2024"]
[Site "Chess.com"]
[Date "2024.03.12"]
[Round "6"]
[White "IPAchess"]
[Black "willcab71"]
[Result "1-0"]
[WhiteElo "2350"]
[BlackElo "2142"]
[TimeControl "180+1"]
[EndTime "15:05:35 PDT"]
[Termination "IPAchess won by resignation"]

1. d4 Nf6 2. c4 g6 3. Nf3 Bg7 4. Nc3 O-O 5. Bg5 d6 6. e3 Nbd7 7. Qc2 c6 8. h3 Qc7 9. Rd1 e5 10. Be2 Re8 11. O-O Nf8 12. Bh4 Bf5 13. Qb3 Ne6 14.
Bg3 Ne4 15. Nxe4 Bxe4 16. Nd2 Bf5 17. d5 Nc5 18. Qa3 a5 19. Nb3 Bc2 20. Rc1 Bxb3 21. axb3 f5 22. b4 axb4 23. Qxb4 Ra4 24. Qd2 Nb3 25.
Qc2 Nxc1 26. Rxc1 Rea8 27. Qb3 Qf7 28. Bf1 f4 29. exf4 exf4 30. Bh2 Bd4 31. Qf3 g5 32. dxc6 bxc6 33. Qxc6 Ra2 34. c5 d5 35. h4 Rxb2 36. Qxa8+ Kg7 37. Qd8 Rxf2 38. Kh1 gxh4 39. Qg5+ Kh8 40. c6 Be3 41. c7 Rxf1+ 42. Rxf1 Qxc7 43. Bxf4 1-0